PIO
WASHINGTON (RK+) NATIONALS @ CLEVELAND (RK+) GUARDIANS
08/12/2098
 
TOP OF THE 1ST
Washington (Rk+) Nationals batting - Pitching for Cleveland (Rk+) Guardians : RHP Tony Perez
Pitching: RHP Tony Perez
Batting: RHB Leonard Holmes 0-0: Ball
1-0: Ball
2-0: Ground out 5-3 (Groundball, 5, EV 103.1 MPH)
Batting: RHB Ryan Usery 0-0: Ball
1-0: Ball
2-0: Ball
3-0: Called Strike
3-1: Foul Ball, location: 2F
3-2: Fly out, F4 (Popup, 4S, EV 81.9 MPH)
Batting: RHB Jeremiah Bell 0-0: Ball
1-0: Ball
2-0: Ball
3-0: Called Strike
3-1: Called Strike
3-2: Foul Ball, location: 9LSF
3-2: Ground out 1-3 (Groundball, P, EV 62.5 MPH)
Top of the 1st over - 0 runs, 0 hits, 0 errors, 0 left on base; Washington (Rk+) 0 - Cleveland (Rk+) 0
BOTTOM OF THE 1ST
Cleveland (Rk+) Guardians batting - Pitching for Washington (Rk+) Nationals : RHP Omar Villanueva
Pitching: RHP Omar Villanueva
Batting: LHB David Fernandez 0-0: Swinging Strike
0-1: Ball
1-1: Ball
2-1: Foul Ball, location: 23FF
2-2: Strikes out swinging
Batting: LHB Nelson Preciado 0-0: Called Strike
0-1: Ball
1-1: Ground out 6-3 (Groundball, 6, EV 108.8 MPH)
Batting: LHB Mike Brown 0-0: Ball
1-0: Ball
2-0: DOUBLE (Line Drive, 7LM, EV 105.6 MPH)
Batting: SHB Collin Hays 0-0: Swinging Strike
0-1: Swinging Strike
0-2: Strikes out swinging
Bottom of the 1st over - 0 runs, 1 hit, 0 errors, 1 left on base; Washington (Rk+) 0 - Cleveland (Rk+) 0
TOP OF THE 2ND
Washington (Rk+) Nationals batting - Pitching for Cleveland (Rk+) Guardians : RHP Tony Perez
Batting: SHB Guadalupe Quiroz 0-0: Called Strike
0-1: Foul Ball, location: 2F
0-2: Strikes out swinging, 2-3 out at first.
Batting: RHB Jim Miller 0-0: Ball
1-0: Called Strike
1-1: Swinging Strike
1-2: Strikes out swinging
Batting: RHB Josh Alfaro 0-0: Fly out, F8 (Flyball, 8RD, EV 111.3 MPH)
Top of the 2nd over - 0 runs, 0 hits, 0 errors, 0 left on base; Washington (Rk+) 0 - Cleveland (Rk+) 0
BOTTOM OF THE 2ND
Cleveland (Rk+) Guardians batting - Pitching for Washington (Rk+) Nationals : RHP Omar Villanueva
Batting: LHB Mark Grahn 0-0: Ball
1-0: Ground out 6-3 (Groundball, 6, EV 100.0 MPH)
Batting: SHB Brian Ketterer 0-0: Foul Ball, location: 2F
0-1: Ball
1-1: Foul Ball, location: 2F
1-2: SINGLE (Groundball, 6MD, EV 107.5 MPH)
Batting: RHB Mike Barker 0-0: SINGLE (Groundball, 34D, EV 97.5 MPH) - runner OUT being hit by batted ball. (infield hit)
Batting: RHB Mike Eastin 0-0: Fly out, F9 (Flyball, 89S, EV 90.0 MPH)
Bottom of the 2nd over - 0 runs, 2 hits, 0 errors, 1 left on base; Washington (Rk+) 0 - Cleveland (Rk+) 0
TOP OF THE 3RD
Washington (Rk+) Nationals batting - Pitching for Cleveland (Rk+) Guardians : RHP Tony Perez
Batting: LHB Victor Cardenas 0-0: Fly out, F9 (Flyball, 9, EV 91.3 MPH)
Batting: RHB Brent Krall 0-0: Ball
1-0: Fly out, F8 (Flyball, 8RM, EV 94.4 MPH)
Batting: RHB Mark Tackett 0-0: Called Strike
0-1: Called Strike
0-2: Strikes out looking
Top of the 3rd over - 0 runs, 0 hits, 0 errors, 0 left on base; Washington (Rk+) 0 - Cleveland (Rk+) 0
BOTTOM OF THE 3RD
Cleveland (Rk+) Guardians batting - Pitching for Washington (Rk+) Nationals : RHP Omar Villanueva
Batting: RHB Eddie Longoria 0-0: Foul Ball, location: 2F
0-1: Ball
1-1: Fly out, F2 (Popup, 3SF, EV 67.5 MPH)
Batting: LHB David Fernandez 0-0: Foul Ball, location: 3FF
0-1: Ball
1-1: SINGLE (Line Drive, 89S, EV 91.9 MPH)
Batting: LHB Nelson Preciado 0-0: Foul Ball, location: 7LSF
0-1: Ball
Balk!
David Fernandez to second
1-1: Called Strike
1-2: Ball
2-2: Foul Ball, location: 2F
2-2: Ball
3-2: Base on Balls
Batting: LHB Mike Brown 0-0: Ball
1-0: Called Strike
1-1: Foul Ball, location: 7LSF
1-2: Foul Ball, location: 5SF
1-2: Fly out, F7 (Flyball, 7D, EV 99.4 MPH)
Runner from 2nd tags up, SAFE at 3rd with throw by LF
Batting: SHB Collin Hays 0-0: Ball
1-0: Called Strike
1-1: Called Strike
1-2: SINGLE (Groundball, 34D, EV 95.0 MPH)
David Fernandez scores
Nelson Preciado to second
Runner from 2nd tries for 3rd, SAFE, no throw by RF
Batting: LHB Mark Grahn 0-0: Called Strike
0-1: Fly out, F4 (Line Drive, 4, EV 68.1 MPH)
Bottom of the 3rd over - 1 run, 2 hits, 0 errors, 2 left on base; Washington (Rk+) 0 - Cleveland (Rk+) 1
TOP OF THE 4TH
Washington (Rk+) Nationals batting - Pitching for Cleveland (Rk+) Guardians : RHP Tony Perez
Batting: RHB Leonard Holmes 0-0: Swinging Strike
0-1: Foul Ball, location: 9LMF
0-2: Strikes out swinging
Batting: RHB Ryan Usery 0-0: Ball
1-0: Bunt for hit to P - play at first, batter OUT! 1-3
Batting: RHB Jeremiah Bell 0-0: Ground out 6-3 (Groundball, 6, EV 78.1 MPH)
Top of the 4th over - 0 runs, 0 hits, 0 errors, 0 left on base; Washington (Rk+) 0 - Cleveland (Rk+) 1
BOTTOM OF THE 4TH
Cleveland (Rk+) Guardians batting - Pitching for Washington (Rk+) Nationals : RHP Omar Villanueva
Batting: SHB Brian Ketterer 0-0: Ball
1-0: Fly out, F7 (Flyball, 7D, EV 75.6 MPH)
Batting: RHB Mike Barker 0-0: Ball
1-0: Ball
2-0: Foul Ball, location: 7LDF
2-1: Fly out, F7 (Flyball, 7S, EV 88.1 MPH)
Batting: RHB Mike Eastin 0-0: Reached on error, E6 (Flyball, 56D, EV 96.3 MPH)
Batting: RHB Eddie Longoria 0-0: Ball
1-0: Ball
2-0: Called Strike
2-1: DOUBLE (Line Drive, 89D, EV 110.6 MPH)
Mike Eastin to third
Batting: LHB David Fernandez 0-0: SINGLE (Line Drive, 9S, EV 106.3 MPH)
Mike Eastin scores
Eddie Longoria to third
Runner from 3rd tries for Home, SAFE, throw by RF to home
David Fernandez to second
Batting: LHB Nelson Preciado 0-0: Called Strike
0-1: Fly out, F8 (Flyball, 78M, EV 85.6 MPH)
Bottom of the 4th over - 2 runs, 2 hits, 1 error, 1 left on base; Washington (Rk+) 0 - Cleveland (Rk+) 3
TOP OF THE 5TH
Washington (Rk+) Nationals batting - Pitching for Cleveland (Rk+) Guardians : RHP Tony Perez
Batting: SHB Guadalupe Quiroz 0-0: Called Strike
0-1: SINGLE (Line Drive, 9LM, EV 96.3 MPH)
Batting: RHB Jim Miller 0-0: Swinging Strike
0-1: Swinging Strike
0-2: Strikes out swinging
Batting: RHB Josh Alfaro 0-0: Grounds into double play, 6-4-3 (Groundball, 6, EV 84.4 MPH)
Top of the 5th over - 0 runs, 1 hit, 0 errors, 0 left on base; Washington (Rk+) 0 - Cleveland (Rk+) 3
BOTTOM OF THE 5TH
Cleveland (Rk+) Guardians batting - Pitching for Washington (Rk+) Nationals : RHP Omar Villanueva
Batting: LHB Mike Brown 0-0: Ball
1-0: Ball
2-0: Ball
3-0: Called Strike
3-1: Called Strike
3-2: SOLO HOME RUN (Line Drive, 89XD, EV 105.6 MPH), Distance : 391 ft
Batting: SHB Collin Hays 0-0: Ball
1-0: SOLO HOME RUN (Flyball, 78XD, EV 96.9 MPH), Distance : 395 ft
Pitching: LHP Blair Blenkhorn
Batting: LHB Mark Grahn 0-0: Called Strike
0-1: Fly out, F8 (Flyball, 78XD, EV 100.6 MPH)
Batting: SHB Brian Ketterer 0-0: Called Strike
0-1: Ball
1-1: Foul Ball, location: 9LMF
1-2: Foul Ball, location: 5FF
1-2: Ball
2-2: Foul Ball, location: 25F
2-2: Ground out 6-3 (Groundball, 6, EV 88.8 MPH)
Batting: RHB Mike Barker 0-0: Foul Ball, location: 3FF
0-1: Fly out, F9 (Flyball, 9LSF, EV 84.4 MPH)
Bottom of the 5th over - 2 runs, 2 hits, 0 errors, 0 left on base; Washington (Rk+) 0 - Cleveland (Rk+) 5
TOP OF THE 6TH
Washington (Rk+) Nationals batting - Pitching for Cleveland (Rk+) Guardians : RHP Tony Perez
Batting: LHB Victor Cardenas 0-0: Fly out, F7 (Line Drive, 78D, EV 96.9 MPH)
Batting: RHB Brent Krall 0-0: Fly out, F7 (Flyball, 7D, EV 99.4 MPH)
Batting: RHB Mark Tackett 0-0: Called Strike
0-1: Called Strike
0-2: Ball
1-2: Foul Ball, location: 2F
1-2: Strikes out swinging
Top of the 6th over - 0 runs, 0 hits, 0 errors, 0 left on base; Washington (Rk+) 0 - Cleveland (Rk+) 5
BOTTOM OF THE 6TH
Cleveland (Rk+) Guardians batting - Pitching for Washington (Rk+) Nationals : LHP Blair Blenkhorn
Batting: RHB Mike Eastin 0-0: Called Strike
0-1: SINGLE (Line Drive, 7S, EV 107.5 MPH)
Batting: RHB Eddie Longoria 0-0: Fly out, F8 (Flyball, 8RD, EV 100.0 MPH)
Batting: LHB David Fernandez 0-0: Called Strike
0-1: Called Strike
0-2: Ball
1-2: Foul Ball, location: 3F
1-2: Fly out, F7 (Line Drive, 7LM, EV 98.8 MPH)
Pitching: RHP Ramon Ayala
Batting: LHB Nelson Preciado 0-0: Foul Ball, location: 3FF
0-1: Ball
1-1: Foul Ball, location: 3DF
1-2: SINGLE (Groundball, 4MD, EV 108.8 MPH)
Mike Eastin to second
Runner from 2nd tries for 3rd, SAFE, throw by CF made to third
Batting: LHB Mike Brown 0-0: Fly out, F8 (Flyball, 8LS, EV 77.5 MPH)
Bottom of the 6th over - 0 runs, 2 hits, 0 errors, 2 left on base; Washington (Rk+) 0 - Cleveland (Rk+) 5
TOP OF THE 7TH
Washington (Rk+) Nationals batting - Pitching for Cleveland (Rk+) Guardians : RHP Tony Perez
Batting: RHB Leonard Holmes 0-0: Fly out, F5 (Popup, 5L, EV 51.3 MPH)
Batting: RHB Ryan Usery 0-0: Fly out, F8 (Flyball, 8RM, EV 95.6 MPH)
Batting: RHB Jeremiah Bell 0-0: Ball
1-0: Called Strike
1-1: Ball
2-1: Ground out 6-3 (Groundball, 6, EV 101.9 MPH)
Top of the 7th over - 0 runs, 0 hits, 0 errors, 0 left on base; Washington (Rk+) 0 - Cleveland (Rk+) 5
BOTTOM OF THE 7TH
Cleveland (Rk+) Guardians batting - Pitching for Washington (Rk+) Nationals : RHP Ramon Ayala
Batting: SHB Collin Hays 0-0: Called Strike
0-1: Ball
1-1: Ball
2-1: Ball
3-1: Base on Balls
Batting: LHB Mark Grahn 0-0: Called Strike
0-1: Ball
1-1: SINGLE (Groundball, 4MD, EV 108.1 MPH)
Collin Hays to second
Batting: SHB Brian Ketterer 0-0: Fly out, F4 (Popup, 3DF, EV 56.9 MPH)
Batting: RHB Mike Barker 0-0: Called Strike
0-1: Ball
Wild Pitch!
Collin Hays to third
Mark Grahn to second
1-1: Foul Ball, location: 23FF
1-2: Fly out, F9 (Flyball, 9, EV 81.3 MPH)
Runner from 3rd tags up, SCORES, throw by RF
Mark Grahn to third
Pitching: RHP Edwin Marrero
Batting: RHB Mike Eastin 0-0: Ball
1-0: Ball
2-0: Called Strike
2-1: Swinging Strike
2-2: Ball
3-2: Ground out 6-3 (Groundball, P, EV 83.1 MPH)
Bottom of the 7th over - 1 run, 1 hit, 0 errors, 1 left on base; Washington (Rk+) 0 - Cleveland (Rk+) 6
TOP OF THE 8TH
Washington (Rk+) Nationals batting - Pitching for Cleveland (Rk+) Guardians : RHP Tony Perez
Pinch Hitting: LHB Bobby Lane 0-0: Called Strike
0-1: Ball
1-1: Called Strike
1-2: Ball
2-2: Ball
3-2: Ground out 3-1 (Groundball, 34S, EV 71.3 MPH)
Pinch Hitting: SHB Justin Blumer 0-0: Ground out 6-3 (Groundball, 6, EV 80.0 MPH)
Batting: RHB Josh Alfaro 0-0: Called Strike
0-1: Ball
1-1: Ball
2-1: Called Strike
2-2: Foul Ball, location: 23FF
2-2: Foul Ball, location: 2F
2-2: Strikes out swinging
Top of the 8th over - 0 runs, 0 hits, 0 errors, 0 left on base; Washington (Rk+) 0 - Cleveland (Rk+) 6
BOTTOM OF THE 8TH
Cleveland (Rk+) Guardians batting - Pitching for Washington (Rk+) Nationals : RHP Edwin Marrero
Now at 1B: Bubba Albert
Now at 3B: Bobby Lane
Batting: RHB Eddie Longoria 0-0: Ball
1-0: Ball
2-0: Ball
3-0: Fly out, F8 (Line Drive, 8RM, EV 98.8 MPH)
Batting: LHB David Fernandez 0-0: TRIPLE (Line Drive, 89XD, EV 106.9 MPH)
Batting: LHB Nelson Preciado 0-0: Foul Ball, location: 2F
0-1: Ground out 4-3 (Groundball, 4D, EV 106.3 MPH)
David Fernandez scores
Batting: LHB Mike Brown 0-0: Called Strike
0-1: Fly out, F8 (Flyball, 8RM, EV 88.1 MPH)
Bottom of the 8th over - 1 run, 1 hit, 0 errors, 0 left on base; Washington (Rk+) 0 - Cleveland (Rk+) 7
TOP OF THE 9TH
Washington (Rk+) Nationals batting - Pitching for Cleveland (Rk+) Guardians : RHP Tony Perez
Pinch Hitting: LHB Justin Mohney 0-0: Called Strike
0-1: Ground out 4-3 (Groundball, 4, EV 92.5 MPH)
Pinch Hitting: RHB Ethan Washington 0-0: Called Strike
0-1: Foul Ball, location: 2F
0-2: Ball
1-2: Ground out U3 (Groundball, 34, EV 93.8 MPH)
Pinch Hitting: RHB Ricky Rodriguez 0-0: Called Strike
0-1: Ball
1-1: Foul Ball, location: 9LSF
1-2: Strikes out swinging
Top of the 9th over - 0 runs, 0 hits, 0 errors, 0 left on base; Washington (Rk+) 0 - Cleveland (Rk+) 7
Friday, April 12th , 2024 - OOTP Baseball 24.11 Build 85